 Dungeon Crawl Stone Soup version 0.30-a0-374-g95c0257040 (webtiles) character file.

Game seed: 2660266507163617537

29 qeuew the Shield-Bearer (level 3, -14/30 HPs)
             Began as a Formicid Fighter on Nov 27, 2022.
             Was a Follower of Qazlal.
             Demolished by a gnoll
             ... wielding a +0 halberd
              (15 damage)
             ... on level 2 of the Dungeon.
             The game lasted 00:01:19 (858 turns).

qeuew the Shield-Bearer (Formicid Fighter)           Turns: 858, Time: 00:01:20

Health: -14/30     AC:  6    Str: 21 (22) XL:     3   Next: 32%
Magic:  3/3        EV:  9    Int:  4 (7)  God:    Qazlal [*.....]
Gold:   59         SH:  6    Dex: 10 (13) Spells: 2/2 levels left

rFire   . . .      SeeInvis +    a - +0 war axe
rCold   . . .      Faith    .    c - +0 buckler
rNeg    . . .      Spirit   .    b - +0 scale mail
rPois   .          Reflect  .    (helmet unavailable)
rElec   .          Harm     .    (no cloak)
rCorr   .          Rampage  .    (no gloves)
Will    .....                    (no boots)
Stlth   ..........               (no amulet)
HPRegen 0.25/turn                (no ring)
MPRegen 0.08/turn                (no ring)

@: no status effects
A: permanent stasis, dig shafts and tunnels, antennae 3, four strong arms
a: Dig, Shaft Self, Renounce Religion


You were on level 2 of the Dungeon.
You worshipped Qazlal.
Qazlal was aware of your devotion.
You visited 1 branch of the dungeon, and saw 2 of its levels.

You collected 59 gold pieces.

Inventory:

Hand Weapons
 a - a +0 war axe (weapon)
Armour
 b - a +0 scale mail (worn)
 c - a +0 buckler (worn)
Scrolls
 e - 2 scrolls of magic mapping {unknown}
 f - a scroll of silence {unknown}
 g - a scroll of summoning {unknown}
Potions
 d - 2 potions of might


   Skills:
 * Level 3.7 Fighting
 + Level 2.1 Axes
 + Level 3.4 Armour
 + Level 0.5 Dodging
 + Level 4.2 Shields
 * Level 1.1 Invocations


You had 2 spell levels left.
You didn't know any spells.
Your spell library contained the following spells:

 Spells                   Type           Power      Damage    Failure   Level
 Slow                     Hex            0%         N/A       88%         1
 Cigotuvi's Dreadful Rot  Necr/Pois/Air  0%         N/A       96%         2
 Poisonous Vapours        Pois/Air       0%         N/A       96%         2
 Confusing Touch          Hex            0%         N/A       99%         3
 Mephitic Cloud           Conj/Pois/Air  0%         N/A       99%         3
 Vampiric Draining        Necr           0%         2d6       99%         3


Dungeon Overview and Level Annotations

Branches:
Dungeon (2/15)

Altars:
Qazlal


Innate Abilities, Weirdness & Mutations

You cannot be hasted, slowed, berserked, paralysed or teleported.
You can dig through walls and to a lower floor.
You have a pair of large antennae on your head. (SInv)
Your four strong arms can wield two-handed weapons with a shield.


Message History

The gnoll hits you with a +0 vorpal flail!
There are monsters nearby!
You slash the gnoll!
The gnoll is severely wounded.
The gnoll barely misses you.
The gnoll hits you with a +0 vorpal flail.
The gnoll barely misses you. x2
There are monsters nearby!
You are too injured to fight recklessly!
There are monsters nearby!
You are too injured to fight recklessly!
You hit the gnoll but do no damage.
The gnoll is severely wounded.
The gnoll barely misses you.
You hit the gnoll.
The gnoll is severely wounded.
You block the gnoll's attack.
You hit the gnoll.
You kill the gnoll!
Qazlal accepts your kill.
The gnoll hits you from afar with a +0 halberd!
* * * LOW HITPOINT WARNING * * *
The gnoll hits you but does no damage.
Your Invocations skill increases to level 1!
You have reached level 3!
Your experience leads to an increase in your attributes!
Your base attributes are Str 20, Int 7, Dex 13.
Increase (S)trength, (I)ntelligence, or (D)exterity?
You feel stronger. x2
You slash the gnoll!
The gnoll is severely wounded.
The gnoll hits you but does no damage.
The gnoll hits you from afar with a +0 halberd.
* * * LOW HITPOINT WARNING * * *
You barely miss the gnoll.
The gnoll is severely wounded.
You block the gnoll's attack. The gnoll barely misses you.
The gnoll hits you from afar with a +0 halberd!
Ouch! That really hurt!
You die...

>....<......
####.#..###. ##.##
.## .### #.## ##.#
..# # ##.###.##
##.##.#
#..#..####...#.#
#.#.#...)......#
##......###...####
#....##.# ##...@.#
#>#####.# #####g#
##.# #.# g# ##.#
#.# .# ...# #.# .#
##.# #.# .# #.#
#.### .#
#.#####...# .#
##......##.#


You could see 2 gnolls.

Vanquished Creatures
  A gnoll (D:2)
  3 ball pythons
  3 bats
  3 endoplasms
  A giant cockroach (D:1)
  3 hobgoblins
  A quokka (D:2)
  2 kobolds
  A rat (D:2)
18 creatures vanquished.

Notes
Turn   | Place    | Note
-------+----------+-------------------------------------------
     0 | D:1      | qeuew the Formicid Fighter began the quest for the Orb.
     0 | D:1      | Reached XP level 1. HP: 18/18 MP: 1/1
   335 | D:1      | Found a faded altar of an unknown god.
   338 | D:1      | Reached XP level 2. HP: 23/24 MP: 2/2
   346 | D:1      | Prayed at the altar of an unknown god.
   346 | D:1      | Became a worshipper of Qazlal Stormbringer
   346 | D:1      | Reached * piety under Qazlal
   857 | D:2      | Reached skill level 1 in Invocations
   857 | D:2      | Reached XP level 3. HP: 6/30 MP: 3/3
   857 | D:2      | HP: 1/30 [gnoll/+0 halberd (6)]
   858 | D:2      | Demolished by a gnoll

Illustrated notes

Levels and vault maps discovered:
D:1:      shiori_arrival_maze, layout_basic, dreamdust_ecumenical_altar_statues,
          fountainhead
D:2:      minmay_general_purpose_star, layout_loops_ring

Skill      XL: |  1  2 |
---------------+-------+-----
Invocations    | 1 |  1.1
Fighting       | |  3.7
Axes           | |  2.1
Armour         | |  3.4
Dodging        | |  0.5
Shields        | |  4.2

Action                   || total
-------------------------++-------
Melee: War axe           ||    45
  Use: Potion            ||     3
       Scroll            ||     1
Armor: Scale mail        ||    21
Dodge: Dodged            ||    27
Block: Buckler           ||     7

Table legend: (Time is in decaauts)
 A = Elapsed time spent in this place.
 B = Non-inter-level travel time spent in this place.
 C = Inter-level travel time spent in this place.
 D = Time resting spent in this place.
 E = Time spent auto-exploring this place.
 F = Levels seen in this place.
 G = Mean time per level.
                   A        B        C        D        E       F      G
               +--------+--------+--------+--------+--------+-----+--------+
         Total |    877 |    858 |     19 |      0 |    715 |   2 |  438.5 |
       Dungeon |    877 |    858 |     19 |      0 |    715 |   2 |  438.5 |
               +--------+--------+--------+--------+--------+-----+--------+

Top non-repeatable levels by time:
     D:1: 588 daAuts
     D:2: 289 daAuts
